SAA
LANCASTER FARMERS @ TOLEDO SABOTEURS
07/03/2042
 
TOP OF THE 1ST
Lancaster Farmers batting - Pitching for Toledo Saboteurs : RHP Hakumele Apelama
Pitching: RHP Hakumele Apelama
Batting: LHB Conrad Overdevest 0-0: Fly out, F5 (Popup, 6S, EV 70.6 MPH)
Batting: RHB Archie Pittman 0-0: Ball
1-0: Fly out, F3 (Popup, 3SF, EV 74.4 MPH)
Batting: LHB Robert Shannon 0-0: Called Strike
0-1: Ball
1-1: SINGLE (Line Drive, 9LS, EV 103.8 MPH)
Batting: LHB Alex Joly 0-0: Ball
Robert Shannon is caught stealing 2nd base 2-6
Top of the 1st over - 0 runs, 1 hit, 0 errors, 0 left on base; Lancaster 0 - Toledo 0
BOTTOM OF THE 1ST
Toledo Saboteurs batting - Pitching for Lancaster Farmers : LHP Gijsbert van Veen
Pitching: LHP Gijsbert van Veen
Batting: LHB Doug Pollock 0-0: Ball
1-0: Called Strike
1-1: Ball
2-1: Called Strike
2-2: Foul Ball, location: 2F
2-2: Strikes out looking
Batting: RHB Ron Ficco 0-0: Called Strike
0-1: Ball
1-1: Swinging Strike
1-2: Ball
2-2: Strikes out swinging
Batting: RHB Niek Bendt 0-0: Ball
1-0: Foul Ball, location: 2F
1-1: Fly out, F4 (Popup, 3S, EV 83.1 MPH)
Bottom of the 1st over - 0 runs, 0 hits, 0 errors, 0 left on base; Lancaster 0 - Toledo 0
TOP OF THE 2ND
Lancaster Farmers batting - Pitching for Toledo Saboteurs : RHP Hakumele Apelama
Batting: LHB Alex Joly 0-0: Called Strike
0-1: SINGLE (Line Drive, 8LM, EV 104.4 MPH)
Batting: RHB Gonzalo Perales 0-0: Swinging Strike
0-1: Ball
1-1: Called Strike
1-2: Strikes out looking
Batting: SHB Raúl Miranda 0-0: Ball
1-0: Ball
2-0: Fly out, F9 (Flyball, 9, EV 96.9 MPH)
Batting: LHB Hughie Chesire 0-0: Swinging Strike
0-1: Foul Ball, location: 2F
0-2: Ball
Wild Pitch!
Alex Joly to second
1-2: Ball
2-2: Foul Ball, location: 2F
2-2: Ball
3-2: Strikes out swinging
Top of the 2nd over - 0 runs, 1 hit, 0 errors, 1 left on base; Lancaster 0 - Toledo 0
BOTTOM OF THE 2ND
Toledo Saboteurs batting - Pitching for Lancaster Farmers : LHP Gijsbert van Veen
Batting: RHB Coy MacKey 0-0: Ball
1-0: Fly out, F8 (Flyball, 89D, EV 107.5 MPH)
Batting: SHB Ralph Titus 0-0: Ball
1-0: Foul Ball, location: 2F
1-1: Called Strike
1-2: Foul Ball, location: 2F
1-2: Strikes out swinging
Batting: LHB Gwang-soo Deungjeong 0-0: Called Strike
0-1: Swinging Strike
0-2: Strikes out swinging
Bottom of the 2nd over - 0 runs, 0 hits, 0 errors, 0 left on base; Lancaster 0 - Toledo 0
TOP OF THE 3RD
Lancaster Farmers batting - Pitching for Toledo Saboteurs : RHP Hakumele Apelama
Batting: RHB Fabrice Boyer 0-0: Ball
1-0: Called Strike
1-1: Foul Ball, location: 2F
1-2: Ground out 6-3 (Groundball, 6, EV 87.5 MPH)
Batting: RHB Tim Smith 0-0: Called Strike
0-1: Foul Ball, location: 2F
0-2: Ball
1-2: Foul Ball, location: 2F
1-2: Ground out 5-3 (Groundball, 56, EV 83.1 MPH)
Batting: LHB Conrad Overdevest 0-0: Called Strike
0-1: Ball
1-1: Ball
2-1: Called Strike
2-2: Ball
3-2: Strikes out swinging
Top of the 3rd over - 0 runs, 0 hits, 0 errors, 0 left on base; Lancaster 0 - Toledo 0
BOTTOM OF THE 3RD
Toledo Saboteurs batting - Pitching for Lancaster Farmers : LHP Gijsbert van Veen
Batting: SHB Manuel Ortíz 0-0: Ball
1-0: Ground out 4-3 (Groundball, 34D, EV 101.2 MPH)
Batting: RHB Pedro Trevino 0-0: Ball
1-0: Called Strike
1-1: Swinging Strike
1-2: Strikes out looking
Batting: LHB Xie-li Shiu 0-0: Foul Ball, location: 2F
0-1: Ball
1-1: Fly out, F9 (Flyball, 9, EV 88.8 MPH)
Bottom of the 3rd over - 0 runs, 0 hits, 0 errors, 0 left on base; Lancaster 0 - Toledo 0
TOP OF THE 4TH
Lancaster Farmers batting - Pitching for Toledo Saboteurs : RHP Hakumele Apelama
Batting: RHB Archie Pittman 0-0: Fly out, F3 (Popup, 3S, EV 80.6 MPH)
Batting: LHB Robert Shannon 0-0: Ball
1-0: Fly out, F8 (Flyball, 8LD, EV 88.8 MPH)
Batting: LHB Alex Joly 0-0: Ball
1-0: Called Strike
1-1: Foul Ball, location: 2F
1-2: Foul Ball, location: 2F
1-2: Ball
2-2: Foul Ball, location: 2F
2-2: Foul Ball, location: 2F
2-2: Foul Ball, location: 2F
2-2: Ball
3-2: Foul Ball, location: 2F
3-2: Base on Balls
Batting: RHB Gonzalo Perales 0-0: Ball
1-0: Swinging Strike
1-1: Foul Ball, location: 2F
1-2: Strikes out swinging passed ball, reaches first!
Alex Joly to second
Batting: SHB Raúl Miranda 0-0: Called Strike
0-1: Ball
1-1: Fielders Choice at 2nd, 5-4 (Groundball, 56, EV 104.4 MPH)
Top of the 4th over - 0 runs, 0 hits, 0 errors, 2 left on base; Lancaster 0 - Toledo 0
BOTTOM OF THE 4TH
Toledo Saboteurs batting - Pitching for Lancaster Farmers : LHP Gijsbert van Veen
Batting: LHB Doug Pollock 0-0: Ball
1-0: Ball
2-0: Ball
3-0: Base on Balls
Batting: RHB Ron Ficco 0-0: Ball
1-0: Ball
2-0: SINGLE (Groundball, 6M, EV 77.5 MPH) (infield hit)
Doug Pollock to second
Batting: RHB Niek Bendt 0-0: Ball
1-0: Swinging Strike
1-1: Ball
2-1: Called Strike
2-2: Foul Ball, location: 2F
2-2: Strikes out looking
Batting: RHB Coy MacKey 0-0: Ball
Doug Pollock steals 3rd base
Ron Ficco to second
1-0: Called Strike
1-1: Swinging Strike
1-2: Foul Ball, location: 2F
1-2: Strikes out swinging
Batting: SHB Ralph Titus 0-0: Foul Ball, location: 2F
0-1: Swinging Strike
0-2: Strikes out swinging
Bottom of the 4th over - 0 runs, 1 hit, 0 errors, 2 left on base; Lancaster 0 - Toledo 0
TOP OF THE 5TH
Lancaster Farmers batting - Pitching for Toledo Saboteurs : RHP Hakumele Apelama
Batting: LHB Hughie Chesire 0-0: Foul Ball, location: 2F
0-1: Called Strike
0-2: Fly out, F7 (Flyball, 7LM, EV 84.4 MPH)
Batting: RHB Fabrice Boyer 0-0: Ball
1-0: Ball
2-0: SINGLE (Popup, 34D, EV 54.4 MPH)
Batting: RHB Tim Smith 0-0: Called Strike
0-1: Swinging Strike
0-2: Foul Ball, location: 2F
0-2: Ball
1-2: Foul Ball, location: 2F
1-2: Ball
2-2: Foul Ball, location: 2F
2-2: Strikes out swinging
Batting: LHB Conrad Overdevest 0-0: Ball
Fabrice Boyer steals 2nd base
1-0: Called Strike
1-1: Ground out 6-3 (Groundball, 6, EV 95.0 MPH)
Top of the 5th over - 0 runs, 1 hit, 0 errors, 1 left on base; Lancaster 0 - Toledo 0
BOTTOM OF THE 5TH
Toledo Saboteurs batting - Pitching for Lancaster Farmers : LHP Gijsbert van Veen
Batting: LHB Gwang-soo Deungjeong 0-0: Ball
1-0: Ball
2-0: Called Strike
2-1: Foul Ball, location: 2F
2-2: Ball
3-2: Foul Ball, location: 2F
3-2: Base on Balls
Batting: SHB Manuel Ortíz 0-0: Fielders Choice at 2nd, 6-4 (Groundball, 56, EV 89.4 MPH)
Batting: RHB Pedro Trevino 0-0: Swinging Strike
0-1: SINGLE (Flyball, 89S, EV 93.8 MPH)
Manuel Ortíz to second
Batting: LHB Xie-li Shiu 0-0: Called Strike
0-1: Grounds into double play, 4-6-3 (Groundball, 4, EV 107.5 MPH)
Bottom of the 5th over - 0 runs, 1 hit, 0 errors, 1 left on base; Lancaster 0 - Toledo 0
TOP OF THE 6TH
Lancaster Farmers batting - Pitching for Toledo Saboteurs : RHP Hakumele Apelama
Batting: RHB Archie Pittman 0-0: Ball
1-0: Called Strike
1-1: Foul Ball, location: 2F
1-2: Foul Ball, location: 2F
1-2: Foul Ball, location: 2F
1-2: Foul Ball, location: 2F
1-2: Foul Ball, location: 2F
1-2: Ball
2-2: Strikes out looking
Batting: LHB Robert Shannon 0-0: Ball
1-0: SINGLE (Groundball, 4MD, EV 101.2 MPH)
Batting: LHB Alex Joly 0-0: Fielders Choice at 2nd, 6-4 (Groundball, 6, EV 78.1 MPH)
Batting: RHB Gonzalo Perales 0-0: Called Strike
0-1: SINGLE (Groundball, 6MD, EV 93.8 MPH)
Alex Joly to second
Pinch Runner at 2nd Jorge Núñez:
Batting: SHB Raúl Miranda 0-0: Ball
1-0: Swinging Strike
1-1: Ball
2-1: Foul Ball, location: 2F
2-2: Ball
3-2: Reached on error, E4 (Groundball, 34D, EV 103.8 MPH)
Jorge Núñez to third
Gonzalo Perales to second
Batting: LHB Hughie Chesire 0-0: Swinging Strike
0-1: Ball
1-1: Ball
2-1: Swinging Strike
2-2: Fly out, F4 (Popup, 23, EV 85.6 MPH)
Top of the 6th over - 0 runs, 2 hits, 1 error, 3 left on base; Lancaster 0 - Toledo 0
BOTTOM OF THE 6TH
Toledo Saboteurs batting - Pitching for Lancaster Farmers : LHP Gijsbert van Veen
Now at 3B: Gerard Ibison
Batting: LHB Doug Pollock 0-0: Called Strike
0-1: Foul Ball, location: 2F
0-2: Ball
1-2: Strikes out swinging
Batting: RHB Ron Ficco 0-0: Ball
1-0: Ball
2-0: Called Strike
2-1: Ball
3-1: Base on Balls
Batting: RHB Niek Bendt 0-0: Ball
1-0: Ball
2-0: Ball
3-0: Called Strike
3-1: Swinging Strike
3-2: Fielders Choice at 2nd, 6-4 (Groundball, 56, EV 111.2 MPH)
Batting: RHB Coy MacKey 0-0: Swinging Strike
0-1: Ball
1-1: Ball
2-1: Swinging Strike
2-2: Ball
3-2: Strikes out swinging
Bottom of the 6th over - 0 runs, 0 hits, 0 errors, 1 left on base; Lancaster 0 - Toledo 0
TOP OF THE 7TH
Lancaster Farmers batting - Pitching for Toledo Saboteurs : RHP Hakumele Apelama
Batting: RHB Fabrice Boyer 0-0: Called Strike
0-1: Ground out 6-3 (Groundball, 6, EV 80.0 MPH)
Batting: RHB Tim Smith 0-0: Ball
1-0: Ball
2-0: Swinging Strike
2-1: Foul Ball, location: 2F
2-2: Fly out, F6 (Popup, P, EV 74.4 MPH)
Batting: LHB Conrad Overdevest 0-0: Called Strike
0-1: Ball
1-1: Called Strike
1-2: Foul Ball, location: 2F
1-2: Foul Ball, location: 2F
1-2: Fly out, F7 (Flyball, 78M, EV 93.1 MPH)
Top of the 7th over - 0 runs, 0 hits, 0 errors, 0 left on base; Lancaster 0 - Toledo 0
BOTTOM OF THE 7TH
Toledo Saboteurs batting - Pitching for Lancaster Farmers : LHP Gijsbert van Veen
Batting: SHB Ralph Titus 0-0: Ball
1-0: Called Strike
1-1: Swinging Strike
1-2: Foul Ball, location: 2F
1-2: Strikes out swinging
Batting: LHB Gwang-soo Deungjeong 0-0: DOUBLE (Line Drive, 78D, EV 111.2 MPH)
Batting: SHB Manuel Ortíz 0-0: Called Strike
0-1: Ball
1-1: Foul Ball, location: 2F
1-2: Foul Ball, location: 2F
1-2: Strikes out swinging
Batting: RHB Pedro Trevino 0-0: Ball
1-0: Ball
2-0: Foul Ball, location: 2F
2-1: Ground out 5-3 (Groundball, 56, EV 101.2 MPH)
Bottom of the 7th over - 0 runs, 1 hit, 0 errors, 1 left on base; Lancaster 0 - Toledo 0
TOP OF THE 8TH
Lancaster Farmers batting - Pitching for Toledo Saboteurs : RHP Hakumele Apelama
Pitching: LHP José Santos
Batting: RHB Archie Pittman 0-0: Called Strike
0-1: Swinging Strike
0-2: Ball
1-2: Strikes out swinging
Batting: LHB Robert Shannon 0-0: Ground out 3-1 (Groundball, 34, EV 84.4 MPH)
Batting: RHB Gerard Ibison 0-0: Ground out U3 (Groundball, 3S, EV 86.2 MPH)
Top of the 8th over - 0 runs, 0 hits, 0 errors, 0 left on base; Lancaster 0 - Toledo 0
BOTTOM OF THE 8TH
Toledo Saboteurs batting - Pitching for Lancaster Farmers : LHP Gijsbert van Veen
Batting: LHB Xie-li Shiu 0-0: Ball
1-0: Called Strike
1-1: Swinging Strike
1-2: Strikes out looking
Batting: LHB Doug Pollock 0-0: Called Strike
0-1: Foul Ball, location: 2F
0-2: Ball
1-2: Ball
2-2: Ball
3-2: Ground out 4-3 (Groundball, 4, EV 87.5 MPH)
Batting: RHB Ron Ficco 0-0: Ball
1-0: Ball
2-0: Ball
3-0: Called Strike
3-1: Ground out 4-3 (Groundball, 4, EV 79.4 MPH)
Bottom of the 8th over - 0 runs, 0 hits, 0 errors, 0 left on base; Lancaster 0 - Toledo 0
TOP OF THE 9TH
Lancaster Farmers batting - Pitching for Toledo Saboteurs : LHP José Santos
Batting: RHB Gonzalo Perales 0-0: Called Strike
0-1: Ball
1-1: Called Strike
1-2: SINGLE (Line Drive, 8LS, EV 99.4 MPH)
Batting: SHB Raúl Miranda 0-0: Called Strike
0-1: Ball
1-1: Fielders Choice at 2nd, 4-6 (Groundball, 4, EV 88.1 MPH)
Pinch Hitting: RHB Raúl Bravo 0-0: Ball
1-0: Called Strike
1-1: Ball
2-1: Ball
3-1: Foul Ball, location: 2F
3-2: Strikes out swinging
Raúl Miranda steals 2nd base
Batter strikes out.
Batting: RHB Fabrice Boyer 0-0: Intentional Walk
Batting: RHB Tim Smith 0-0: Ball
1-0: Called Strike
1-1: Ball
2-1: Foul Ball, location: 2F
2-2: SINGLE (Groundball, 6, EV 85.0 MPH) (infield hit)
Raúl Miranda to third
Fabrice Boyer to second
Batting: LHB Conrad Overdevest 0-0: Fly out, F8 (Flyball, 78S, EV 95.6 MPH)
Top of the 9th over - 0 runs, 2 hits, 0 errors, 3 left on base; Lancaster 0 - Toledo 0
BOTTOM OF THE 9TH
Toledo Saboteurs batting - Pitching for Lancaster Farmers : LHP Gijsbert van Veen
Pitching: RHP Casey Ball
Now at C: António Andrés
Pinch Hitting: LHB Xavier Petit 0-0: Fly out, F7 (Flyball, 7LS, EV 73.8 MPH)
Batting: RHB Coy MacKey 0-0: Ball
1-0: Ball
2-0: Called Strike
2-1: Ground out 6-3 (Groundball, 6, EV 98.1 MPH)
Batting: SHB Ralph Titus 0-0: Ball
1-0: Ball
2-0: Fly out, F7 (Flyball, 7D, EV 75.6 MPH)
Bottom of the 9th over - 0 runs, 0 hits, 0 errors, 0 left on base; Lancaster 0 - Toledo 0
TOP OF THE 10TH
Lancaster Farmers batting - Pitching for Toledo Saboteurs : LHP José Santos
Pitching: RHP Jim Harris
Now in RF: Xavier Petit
Batting: RHB Archie Pittman 0-0: Called Strike
0-1: Fly out, F8 (Flyball, 78D, EV 103.8 MPH)
Batting: LHB Robert Shannon 0-0: Called Strike
0-1: DOUBLE (Line Drive, 89M, EV 89.4 MPH)
Batting: RHB Gerard Ibison 0-0: Called Strike
0-1: Foul Ball, location: 2F
0-2: Foul Ball, location: 2F
0-2: Ball
1-2: Strikes out swinging
Batting: RHB Gonzalo Perales 0-0: Foul Ball, location: 2F
0-1: Ball
1-1: Foul Ball, location: 2F
1-2: Ball
2-2: Ball
3-2: Foul Ball, location: 2F
3-2: Ground out 4-3 (Groundball, 4, EV 103.8 MPH)
Top of the 10th over - 0 runs, 1 hit, 0 errors, 1 left on base; Lancaster 0 - Toledo 0
BOTTOM OF THE 10TH
Toledo Saboteurs batting - Pitching for Lancaster Farmers : RHP Casey Ball
Batting: LHB Gwang-soo Deungjeong 0-0: Foul Ball, location: 2F
0-1: Ball
1-1: Foul Ball, location: 2F
1-2: Ground out 6-3 (Groundball, 6M, EV 85.6 MPH)
Batting: SHB Manuel Ortíz 0-0: Called Strike
0-1: Swinging Strike
0-2: SOLO HOME RUN (Flyball, 9LD, EV 107.5 MPH), Distance : 344 ft
Friday, March 26th, 2021 - OOTP Baseball 20.8 Build 74